 Dungeon Crawl Stone Soup version 0.29.1-15-g9cfb28693d (webtiles) character file.

Game seed: 9161210252250662062

9210 monsoonserge the Blocker (level 11, -2/86 HPs)
             Began as a Formicid Abyssal Knight on Apr 27, 2023.
             Was a High Priest of Lugonu.
             Slain by a large slime creature (34 damage)
             ... on level 12 of the Dungeon.
             The game lasted 00:47:48 (12578 turns).

monsoonserge the Blocker (Formicid Abyssal Knight) Turns: 12578, Time: 00:47:49

Health: -2/86      AC: 17    Str: 21    XL:     11   Next: 70%
Magic:  16/16      EV: 15    Int: 11    God:    Lugonu [*****.]
Gold:   691        SH: 16    Dex: 14    Spells: 10/10 levels left

rFire   . . .      SeeInvis +   o - +3 dire flail
rCold   . . .      Faith    .   E - +0 tower shield
rNeg    . . .      Spirit   .   J - +1 chain mail {rPois}
rPois   +          Reflect  .   (helmet unavailable)
rElec   .          Harm     .   R - +0 cloak
rCorr   .          Rampage  .   e - +0 pair of gloves
Will    +....                   h - +1 pair of boots
Stlth   ..........              L - amulet of magic regeneration
HPRegen 0.24/turn               l - +4 ring of evasion
MPRegen 0.55/turn               g - +4 ring of evasion

@: no status effects
A: permanent stasis, dig shafts and tunnels, antennae 3, four strong arms
a: Dig, Shaft Self, Renounce Religion, Depart the Abyss, Bend Space, Banish,
Corrupt, Enter the Abyss


You were on level 12 of the Dungeon.
You worshipped Lugonu.
Lugonu was extremely pleased with you.
You visited 2 branches of the dungeon, and saw 14 of its levels.
You visited the Abyss 1 time.

You collected 691 gold pieces.

Inventory:

Hand Weapons
 o - a +3 dire flail (weapon)
 x - a +2 whip of flaming
 y - a +2 hand axe of flaming
 C - a +4 sling
 F - a +3 flail of holy wrath
 P - a +0 flail of draining
 Y - a +0 giant spiked club
Missiles
 d - 49 poisoned darts
 k - 122 stones
 B - 6 silver javelins
 V - 8 boomerangs (quivered)
Armour
 e - a +0 pair of gloves (worn)
 h - a +1 pair of boots (worn)
 E - a +0 tower shield (worn)
 G - a +0 plate armour
 J - a +1 chain mail of poison resistance (worn)
 R - a +0 cloak (worn)
Magical Staves
 c - a staff of fire
 O - a staff of cold
Jewellery
 g - a +4 ring of evasion (right hand)
 l - a +4 ring of evasion (left hand)
 A - a ring of protection from cold
 L - an amulet of magic regeneration (around neck)
Wands
 n - a wand of polymorph (5)
 D - a wand of iceblast (1)
Scrolls
 a - 2 scrolls of magic mapping {unknown}
 b - 4 scrolls of noise {unknown}
 f - 4 scrolls of enchant armour {unknown}
 i - 10 scrolls of identify {unknown}
 m - a scroll of poison {unknown}
 q - 2 scrolls of amnesia
 r - 6 scrolls of teleportation {unknown}
 w - 6 scrolls of blinking {unknown}
 H - a scroll of immolation {unknown}
 M - a scroll of brand weapon {unknown}
 S - 2 scrolls of enchant weapon {unknown}
 U - a scroll of fear {unknown}
Potions
 j - 2 potions of mutation {unknown}
 p - 2 potions of haste {unknown}
 s - 2 potions of flight {unknown}
 t - 4 potions of attraction {unknown}
 v - a potion of invisibility {unknown}
 z - 5 potions of degeneration {unknown}
 I - 2 potions of berserk rage {unknown}
 K - 3 potions of curing
 N - 2 potions of brilliance {unknown}
 T - a potion of heal wounds {unknown}
 X - a potion of resistance {unknown}
Miscellaneous
 W - a condenser vane (inert)


   Skills:
 + Level 8.1 Fighting
 + Level 9.1 Maces & Flails
 + Level 0.9 Throwing
 * Level 9.9 Armour
 - Level 4.0 Dodging
 - Level 10.0 Shields
 * Level 6.8 Invocations
 - Level 1.0 Evocations


You had 10 spell levels left.
You didn't know any spells.
Your spell library contained the following spells:

 Spells                   Type           Power      Damage    Failure   Level
 Magic Dart               Conj           0%         1d3       100%        1
 Shock                    Conj/Air       0%         1d3       100%        1
 Slow                     Hex            0%         N/A       100%        1
 Ensorcelled Hibernation  Hex/Ice        0%         N/A       100%        2
 Searing Ray              Conj           0%         2d4       100%        2
 Confusing Touch          Hex            0%         N/A       100%        3
 Lesser Beckoning         Tloc           0%         N/A       100%        3
 Spider Form              Tmut/Pois      0%         N/A       100%        3
 Vampiric Draining        Necr           0%         2d6       100%        3
 Airstrike                Air            0%         2d(0-16)  100%        4
 Anguish                  Hex/Necr       0%         N/A       100%        4
 Fulminant Prism          Conj/Hex       0%         3d6       100%        4
 Manifold Assault         Tloc           0%         N/A       100%        5
 Blink                    Tloc           Unusable   N/A       N/A         2
 Swiftness                Air            Unusable   N/A       N/A         3

Dungeon Overview and Level Annotations

Branches:
Dungeon (13/15)            Temple (1/1) D:7            Lair (0/5) D:10
    Orc (0/2) D:10
 Vaults: D:13-14

Altars:
Fedhas
Makhleb
Nemelex Xobeh
Qazlal
Sif Muna
Trog
Uskayaw
Vehumet
Xom
Zin
Jiyva

Annotations:
D:6 3 runed translucent doors, sigtrap's ghost, novice MiBe
D:9 2 transporters, 3 runed translucent doors, om's ghost, novice MiFi
D:11 Snorg


Innate Abilities, Weirdness & Mutations

You cannot be hasted, slowed, berserked, paralysed or teleported.
You can dig through walls and to a lower floor.
You have a pair of large antennae on your head. (SInv)
Your four strong arms can wield two-handed weapons with a shield.


Message History

Press: ? - help, Q - select action, (/) - cycle Shift-Dir - straight line, f - slime creature
Aim: a slime creature (83% to hit)
You throw a javelin.
The javelin pierces through the slime creature but does no damage.
The javelin barely misses the slime creature.
Throw: 8 boomerangs
Press: ? - help, Q - select action, (/) - cycle Shift-Dir - straight line, f/p - slime creature
Aim: a slime creature (83% to hit)
You throw a boomerang. The boomerang hits the slime creature.
The slime creature is lightly wounded.
You bludgeon the slime creature!!
The slime creature is moderately wounded.
The slime creature misses you.
You sock the slime creature!
The slime creature is heavily wounded.
You block the slime creature's attack.
You hit the slime creature.
The slime creature is heavily wounded.
The slime creature hits you but does no damage.
Two slime creatures merge to form a large slime creature.
You sock the large slime creature!
The large slime creature is moderately wounded.
You puncture the large slime creature!
The large slime creature is heavily wounded.
You puncture the large slime creature!
The large slime creature is heavily wounded.
You block the large slime creature's attack.
You thump the large slime creature!
The large slime creature is heavily wounded.
You block the large slime creature's attack.
You bludgeon the large slime creature!!
The large slime creature is severely wounded.
You block the large slime creature's attack.
You barely miss the large slime creature.
The large slime creature is severely wounded.
The large slime creature hits you!! The large slime creature hits you!
You hit the large slime creature.
The large slime creature is severely wounded.
The large slime creature hits you!!
You die...

##.### ##.# ##.#
##.# ##{#######
##.{J{{{.#
########.# #
#.############.##
#
#.(.....J@.......
#
##############...
#### ...# ..##
..# ..# ..# ..#


You could see a large slime creature.

Vanquished Creatures
  Gastronok (D:11)
  2 two-headed ogres
  A deep elf pyromancer (D:12)
  Joseph (D:10)
  A gargoyle (D:12)
  A komodo dragon (D:8)
  3 trolls
  Sigmund (D:2)
  A wyvern (D:9)
  A vampire (D:10)
  A yak (D:10)
  A steam dragon (D:9)
  2 wargs (D:10)
  Edmund (D:6)
  2 water moccasins
  4 orc warriors
  2 sky beasts
  An ice beast (D:8)
  2 ogres (D:5)
  4 centaurs
  5 kobold brigands
  2 bullfrogs
  A gnoll sergeant (D:9)
  Blork the orc (D:4)
  4 earth elementals (D:9)
  2 scorpions
  5 wights (D:9)
  3 howler monkeys (D:8)
  3 jellies
  3 hounds
  3 orc priests
  2 iguanas
  5 orc wizards
  7 gnolls
  9 adders
  2 shadow imps
  A white imp (D:5)
  An ufetubus (D:6)
  6 worms
  2 dart slugs
  22 orcs
  7 ball pythons
  4 endoplasms
  5 giant cockroaches
  4 goblins
  7 hobgoblins
  3 quokkas
  7 bats
  7 frilled lizards
  24 kobolds
  5 rats
195 creatures vanquished.

Vanquished Creatures (others)
  An orc wizard (D:7)
  3 fungi (D:6)
  A plant (D:6)
5 creatures vanquished.

Grand Total: 200 creatures vanquished

Notes
Turn   | Place    | Note
-------+----------+-------------------------------------------
     0 | Abyss:1  | monsoonserge the Formicid Abyssal Knight began the quest
                  | for the Orb.
     0 | Abyss:1  | Reached XP level 1. HP: 18/18 MP: 2/2
     1 | D:1      | Escaped the Abyss
    37 | D:1      | Reached XP level 2. HP: 13/24 MP: 3/3
   311 | D:1      | Found a faded altar of an unknown god.
   451 | D:1      | Reached XP level 3. HP: 30/30 MP: 4/4
   470 | D:1      | Reached *** piety under Lugonu
   712 | D:1      | Reached skill level 1 in Dodging
   852 | D:2      | Reached XP level 4. HP: 29/37 MP: 6/6
  1028 | D:2      | Noticed Sigmund
  1046 | D:2      | Killed Sigmund
  1047 | D:2      | Reached XP level 5. HP: 28/43 MP: 7/7
  1047 | D:2      | Reached XP level 6. HP: 32/49 MP: 8/8
  1718 | D:3      | Reached **** piety under Lugonu
  2436 | D:4      | Noticed a +0 dagger
  2436 | D:4      | Noticed a +0 hand axe
  2442 | D:4      | Found a hide-covered altar of Uskayaw.
  2449 | D:4      | Reached XP level 7. HP: 50/55 MP: 10/10
  2954 | D:4      | Found a shimmering altar of Xom.
  2955 | D:4      | Found a blossoming altar of Fedhas.
  3111 | D:4      | Noticed a water moccasin
  3119 | D:4      | Killed a water moccasin
  3358 | D:4      | Noticed Blork the orc
  3366 | D:4      | Killed Blork the orc
  3367 | D:4      | Reached skill level 5 in Fighting
  3367 | D:4      | Reached skill level 5 in Maces & Flails
  3383 | D:5      | Entered Level 5 of the Dungeon
  3668 | D:5      | Reached XP level 8. HP: 55/62 MP: 11/11
  3783 | D:5      | Reached skill level 5 in Invocations
  4611 | D:6      | Found a runed translucent gate.
  4611 | D:6      | Found a runed translucent gate.
  4611 | D:6      | Found a runed translucent gate.
  4643 | D:6      | Reached skill level 1 in Shields
  4728 | D:6      | Noticed sigtrap's ghost (novice MiBe)
  4860 | D:8      | Reached skill level 5 in Armour
  5211 | D:6      | Reached skill level 2 in Shields
  5211 | D:6      | Reached XP level 9. HP: 71/71 MP: 12/12
  5257 | D:6      | Noticed Edmund
  5295 | D:6      | Reached skill level 3 in Shields
  5305 | D:6      | Killed Edmund
  5771 | D:7      | Reached skill level 4 in Shields
  5940 | D:7      | Found a bloodstained altar of Trog.
  5941 | D:7      | Found a burning altar of Makhleb.
  5963 | D:7      | Reached skill level 5 in Shields
  6205 | D:7      | Found a staircase to the Ecumenical Temple.
  6210 | Temple   | Entered the Ecumenical Temple
  6456 | D:8      | Noticed a komodo dragon
  6623 | D:8      | Killed a komodo dragon
  6624 | D:8      | Reached skill level 6 in Shields
  6640 | D:8      | Reached ***** piety under Lugonu
  7800 | D:9      | Found a transporter.
  7805 | D:9      | Reached XP level 10. HP: 79/79 MP: 13/13
  7828 | D:9      | Found a transporter.
  7919 | D:9      | Reached skill level 7 in Shields
  8182 | D:9      | Found a runed translucent gate.
  8182 | D:9      | Found a runed translucent gate.
  8182 | D:9      | Found a runed translucent gate.
  8182 | D:9      | Noticed om's ghost (novice MiFi)
  8229 | D:9      | Reached skill level 8 in Shields
  8336 | D:9      | Found a shimmering blue altar of Sif Muna.
  8632 | D:9      | Found a transporter.
  8674 | D:9      | Found a transporter.
  8774 | D:9      | Found a transporter.
  8775 | D:9      | Found a transporter.
  8842 | D:9      | Found a viscous altar of Jiyva.
  9068 | D:10     | Entered Level 10 of the Dungeon
  9318 | D:10     | Noticed a centaur warrior
  9326 | D:10     | Banished a centaur warrior
  9327 | D:10     | Reached skill level 9 in Shields
  9701 | D:10     | Found a staircase to the Lair.
  9962 | D:10     | Noticed Joseph
  9981 | D:10     | Killed Joseph
 10451 | D:10     | Reached XP level 11. HP: 81/84 MP: 15/15
 10460 | D:10     | Reached skill level 1 in Evocations
 10709 | D:10     | Noticed a two-headed ogre
 10732 | D:10     | Killed a two-headed ogre
 10733 | D:10     | Reached skill level 10 in Shields
 11064 | D:10     | Found a staircase to the Orcish Mines.
 11574 | D:11     | Noticed Gastronok
 11588 | D:11     | Killed Gastronok
 11723 | D:11     | Noticed Snorg
 12076 | D:12     | Noticed a deep elf pyromancer
 12094 | D:12     | Killed a deep elf pyromancer
 12197 | D:12     | Noticed a two-headed ogre
 12383 | D:12     | Killed a two-headed ogre
 12513 | D:13     | Noticed a two-headed ogre
 12513 | D:13     | Noticed a tengu warrior
 12578 | D:12     | Slain by a large slime creature

Illustrated notes

Levels and vault maps discovered:
D:1:      minmay_arrival_doors, layout_rooms,
          hellmonk_ecumenical_altar_pennies_from_heaven
D:2:      layout_basic, minmay_heptomino_w4, uniq_sigmund
D:3:      layout_rooms, hangedman_decor_slide_cut
D:4:      layout_loops_cross, dancing_weapons_uskayaw,
          gammafunk_temple_overflow_statue, uniq_blork_the_orc
D:5:      layout_loops_ring
D:6:      layout_cave_pools, gammafunk_ghost_nasty_kobolds, minmay_hedge_maze,
          kennysheep_generic_room_16, uniq_edmund
D:7:      layout_cave_pools, gammafunk_temple_overflow_wave, temple_doors_ab
D:8:      layout_basic
D:9:      layout_stronghold, mainiacjoe_overflow_brackets, gammafunk_ghost_ooze,
          serial_nicolae_subway, nicolae_sub_station_stone,
          nicolae_sub_station_crystal, nicolae_sub_station_metal
D:10:     minmay_stone_box, layout_irregular_city, erik_lair_orcish_takeover,
          orc_0_dummy, st_stairs_4, hangedman_decor_points, uniq_joseph
D:11:     layout_basic, nicolae_trove_entry_free_sample, minmay_circle_x,
          uniq_sonja, uniq_gastronok, uniq_erica, uniq_snorg
D:12:     dragon1_lemuel, layout_loops_ring, evilmike_butchery
D:13:     minmay_expanding_squares, layout_gridville, david_vaults_2,
          uniq_jorgrun, uniq_lodul, uniq_kirke
Temple:   eino_temple_rhombus

Skill      XL: |  1  2  3  4  5  6  7  8  9 10 11 |
---------------+----------------------------------+-----
Dodging        | 1 2 3 4 |  4.0
Maces & Flails | 3 4 5 6 7 9 |  9.1
Invocations    | 3 4 5 6 |  6.8
Fighting       | 4 5 6 7 8 |  8.1
Armour         | 3 4 5 7 8 9 |  9.9
Shields        | 2 6 9 10 | 10.0
Evocations     | 1 |  1.0
Throwing       | |  0.9

Action                   |  1- 3 |  4- 6 |  7- 9 | 10-12 || total
-------------------------+-------+-------+-------+-------++-------
Melee: Mace              |    99 |   150 |    35 |       ||   284
       Punch             |       |     2 |     7 |       ||     9
       Whip              |       |       |   265 |       ||   265
       Flail             |       |       |   134 |   176 ||   310
       Dire flail        |       |       |       |   159 ||   159
Throw: Dart              |       |       |     2 |    12 ||    14
       Javelin           |       |       |       |     3 ||     3
       Boomerang         |       |       |       |     2 ||     2
Invok: Bend Space        |       |     1 |     7 |    11 ||    19
       Banish            |       |       |       |     1 ||     1
Evoke: Wand              |       |       |     2 |     4 ||     6
       Condenser vane    |       |       |       |     1 ||     1
  Use: Potion            |       |       |       |     1 ||     1
       Scroll            |       |       |       |     1 ||     1
Armor: Leather armour    |    59 |    12 |       |       ||    71
       Ring mail         |       |    56 |    46 |       ||   102
       Plate armour      |       |       |    48 |       ||    48
       Chain mail        |       |       |    31 |    93 ||   124
Dodge: Dodged            |   100 |   154 |   236 |   151 ||   641
Block: Tower shield      |       |       |   195 |   290 ||   485
